 Seeded DCSS version 0.28.0 (webtiles) character file.

Game seed: 10379525442082979767 (custom seed)

18 hikkokomori the Skirmisher (level 2, 0/24 HPs)
             Began as a Formicid Berserker on Feb 16, 2022.
             Succumbed to an adder's poison
             ... on level 2 of the Dungeon.
             The game lasted 00:01:00 (811 turns).

hikkokomori the Skirmisher (Formicid Berserker)      Turns: 811, Time: 00:01:01

Health: 0/24       AC:  2    Str: 21    XL:     2   Next: 85%
Magic:  2/2        EV: 12    Int:  6    God:
Gold:   10         SH:  0    Dex: 10    Spells: 1/1 levels left

rFire   . . .      SeeInvis +   a - +0 hand axe
rCold   . . .      Faith    .   (no shield)
rNeg    . . .      Spirit   .   b - +0 animal skin
rPois   .          Reflect  .   (helmet unavailable)
rElec   .          Harm     .   (no cloak)
rCorr   .          Rampage  .   (no gloves)
Will    .....                   (no boots)
Stlth   +.........              (no amulet)
HPRegen 0.08/turn               (no ring)
MPRegen 0.08/turn               (no ring)

@: lethally poisoned (0 -> -11)
A: permanent stasis, dig shafts and tunnels, antennae 3, four strong arms
a: Dig, Shaft Self


You were on level 2 of the Dungeon.
You visited 1 branch of the dungeon, and saw 2 of its levels.

You collected 10 gold pieces.

Inventory:

Hand Weapons
 a - a +0 hand axe (weapon)
Armour
 b - a +0 animal skin (worn)
 g - a +0 chain mail
Scrolls
 e - a scroll of brand weapon {unknown}
 f - a scroll of teleportation
Potions
 c - a potion of degeneration {unknown}
 d - a potion of curing {unknown}


   Skills:
 + Level 3.5 Fighting
 + Level 3.2 Axes
 + Level 2.5 Armour
 + Level 2.1 Dodging


You had one spell level left.
You didn't know any spells.
Your spell library was empty.

Dungeon Overview and Level Annotations

Branches:
Dungeon (2/15)

Altars:


Innate Abilities, Weirdness & Mutations

You cannot be hasted, slowed, berserked, paralysed or teleported.
You can dig through walls and to a lower floor.
You have a pair of large antennae on your head. (SInv)
Your four strong arms can wield two-handed weapons with a shield.


Message History

The adder moves out of view.
You see here a +0 chain mail.
g - a +0 chain mail The adder barely misses you.
You barely miss the adder. The adder bites you.
You barely miss the adder. Your punch misses the adder.
The adder barely misses you. The adder bites you.
You miss the adder. The adder bites you.
You barely miss the adder. The adder closely misses you.
A bat comes into view.
The adder closely misses you.
You barely miss the adder. The adder barely misses you.
You completely miss the adder. The adder closely misses you.
The bat barely misses you. The adder barely misses you.
You hit the adder.
The adder is moderately wounded.
You barely miss the bat. The bat barely misses you.
The adder barely misses you.
You closely miss the adder.
The adder is moderately wounded.
You hit the bat. The bat hits you. The adder closely misses you. x2
You hit the adder.
The adder is heavily wounded.
The bat barely misses you. x2; The adder bites you.
You are poisoned.
The adder poisons you!
You closely miss the adder.
The adder is heavily wounded.
* * * LOW HITPOINT WARNING * * *
You feel sick. The adder closely misses you. The bat hits you.
* * * LOW HITPOINT WARNING * * *
The adder bites you.
* * * LOW HITPOINT WARNING * * *
You are more poisoned.
The adder poisons you!
Really renounce your faith, foregoing its fabulous benefits?
Are you sure?
You have lost your religion!
Trog does not appreciate desertion!
You die...

#.# #.# #.#
#.# #.#
########.#
#.....)..#
#........#
#....@Sb.#
#........#
########.....
####(. .


You could see an adder and a bat.

Vanquished Creatures
  A dart slug (D:1)
  2 giant cockroaches
  A goblin (D:2)
  A hobgoblin (D:1)
  A quokka (D:1)
  A ball python (D:1)
  2 bats (D:1)
  2 frilled lizards (D:1)
  2 kobolds (D:1)
  3 rats
16 creatures vanquished.

Notes
Turn   | Place    | Note
-------+----------+-------------------------------------------
     0 | D:1      | hikkokomori the Formicid Berserker began the quest for the
                  | Orb.
     0 | D:1      | Reached XP level 1. HP: 18/18 MP: 1/1
   345 | D:1      | Reached XP level 2. HP: 24/24 MP: 2/2
   811 | D:2      | Fell from the grace of Trog
   811 | D:2      | Succumbed to an adder's poison

Illustrated notes

Levels and vault maps discovered:
D:1:      minmay_arrival_arboretum_small, layout_basic
D:2:      layout_basic

Skill      XL: |  1  2 |
---------------+-------+-----
Dodging        | 2 |  2.1
Fighting       | |  3.5
Axes           | |  3.2
Armour         | |  2.5

Action                   || total
-------------------------++-------
Melee: Hand axe          ||    49
       Punch             ||     1
Invok: Renounce Religion ||     1
  Use: Scroll            ||     2
Armor: Animal skin       ||    12
Dodge: Dodged            ||    56
